 Dungeon Crawl Stone Soup version 0.26.0-45-g9c1d065592 (webtiles) character file.

Game seed: 2836548217655155712

3094 kaeus the Skirmisher (level 9, -3/84 HPs)
             Began as a Palentonga Fighter on Jan 29, 2021.
             Was the Champion of Uskayaw.
             Slain by an orc warrior
             ... wielding a +0 long sword
              (10 damage)
             ... on level 8 of the Dungeon.
             The game lasted 00:08:44 (7167 turns).

kaeus the Skirmisher (Palentonga Fighter)           Turns: 7167, Time: 00:08:44

Health: -3/84      AC: 30    Str: 21 (22) XL:     9   Next: 59%
Magic:  9/9        EV:  1    Int:  9      God:    Uskayaw [******]
Gold:   441        SH: 11    Dex: 15 (16) Spells: 8/8 levels left

rFire    . . .     SeeInvis +   a - +2 war axe
rCold    . . .     Faith    .   c - +0 kite shield
rNeg     . . .     Spirit   .   B - +0 plate armour {Will+}
rPois    .         Reflect  .   r - +0 helmet
rElec    .         Harm     .   (no cloak)
rCorr    .         Rampage  .   z - +0 pair of gloves
Will     +....                  F - +1 barding
Stlth    ..........             (no amulet)
HPRegen  0.24/turn              e - +6 ring of dexterity
MPRegen  0.11/turn              s - +4 ring of protection

@: marked, hasted, curled up, very quick
A: large, rugged brown scales 3, see invisible, deformed body, deterioration 1,
wild magic 1, evolution 1, roll 1, armoured tail, reflexive curl
a: Rolling Charge, Renounce Religion, Stomp, Line Pass, Grand Finale


You were on level 8 of the Dungeon.
You worshipped Uskayaw.
Uskayaw was noncommittal.
You visited 2 branches of the dungeon, and saw 9 of its levels.

You collected 441 gold pieces.

Inventory:

Hand Weapons
 a - a +2 war axe (weapon)
Armour
 c - a +0 kite shield (worn)
 r - a +0 helmet (worn)
 z - a +0 pair of gloves (worn)
 B - a +0 plate armour of willpower (worn)
 F - a +1 barding (worn)
Jewellery
 e - a +6 ring of dexterity (left hand)
 f - an uncursed ring of willpower {unknown}
 g - a +6 ring of dexterity
 s - a +4 ring of protection (right hand)
Wands
 D - a wand of flame (28)
Scrolls
 b - 2 scrolls of remove curse
 h - 3 scrolls of teleportation
 k - 2 scrolls of fog
 n - 4 scrolls of fear
 o - 2 scrolls of magic mapping
 v - 4 scrolls of amnesia
 w - 2 scrolls of blinking
Potions
 d - 2 potions of might
 i - a potion of invisibility {unknown}
 l - a potion of magic
 m - 2 potions of brilliance
 t - 2 potions of haste


   Skills:
 + Level 7.4 Fighting
 + Level 7.0 Axes
 + Level 6.1 Armour
 + Level 6.2 Shields


You had 8 spell levels left.
You didn't know any spells.
Your spell library contained the following spells:

 Spells                   Type           Power        Failure   Level
 Summon Small Mammal      Summ           0%           100%        1
 Call Imp                 Summ           0%           100%        2
 Poisonous Vapours        Pois/Air       0%           100%        2
 Call Canine Familiar     Summ           0%           100%        3
 Summon Guardian Golem    Hex/Summ       0%           100%        3
 Summon Ice Beast         Ice/Summ       0%           100%        4
 Summon Lightning Spire   Summ/Air       0%           100%        4


Dungeon Overview and Level Annotations

Branches:
Dungeon (8/15)             Temple (1/1) D:5
   Lair: D:8-11

Altars:
Ashenzari
Cheibriados
Dithmenos
Elyvilon
Fedhas
Gozag
Hepliaklqana
Kikubaaqudgha
Makhleb
Nemelex Xobeh
Okawaru
Qazlal
Ru
Sif Muna
Trog
Uskayaw
Vehumet
Wu Jian
Xom
Yredelemnul
Zin
The Shining One

Annotations:
D:8 Prince Ribbit


Innate Abilities, Weirdness & Mutations

You are completely covered in rugged brown scales. (AC +3, +7% HP)
You have supernaturally acute eyesight. (SInv)
Armour fits poorly on your strangely shaped body.
You can roll at nearby foes to attack.
You have a long armoured tail.
You curl defensively after being hit.
Your body sometimes deteriorates upon taking damage.
Your spells are a little harder to cast, but a little more powerful.
You evolve.


Message History

The centaur hits you but does no damage.
Your Axes skill increases to level 7!
You take 4 damage, and have 6/84 hp.
You closely miss the orc warrior. You slash the necrophage!
You slash the centaur!
You kill the centaur!
Prince Ribbit catches a millipede with his tongue.
The necrophage hits you but does no damage.
You hit the phantom.
The phantom is lightly damaged.
You closely miss the orc warrior. You hit the necrophage.
The orc warrior hits you but does no damage.
You block the necrophage's attack. You block the phantom's attack.
You slash Prince Ribbit! You tail-slap Prince Ribbit.
Prince Ribbit is almost dead.
You closely miss the phantom. You hit the necrophage. You hit the orc warrior.
Prince Ribbit casts a spell.
Prince Ribbit looks slightly unstable.
The orc warrior hits you with a +0 long sword!
You die...

*,,,,,,,,**,,, ### *,,,,,,,,*,,,,
##.## **,,,,,,,,,,,,
#<..#####**.,,,**,*,,
#####...#...##..,,,*,**,, *****
**#...............,,,,,,,,,
,,,,***.......)))......#,,,,,,,,,
,,,,,,*[......)no)......,,,,,,,,,
,,,,,,,.......[)@F......,,,*,,,,,
,,,,,,,.....#...)W......,,***,,,,
,,,,,,,.....#...........,,,*,,,,,
,,,,,,,.....#...........,,,,,,,,,
,,,,,,,,..,.....?.......,,,,,,,,,
,,,,,,,,,,....###.......,,,,,,,,,
,,,,,,,,,.....***#......,,*>,,,,<
,,,,,,,,,.....,*,,...#..,***,,,,,
,,,,,,,,,,,,,,,,,*,,***,,* **,*,,


You could see Prince Ribbit, a phantom, an orc warrior and a necrophage.

Vanquished Creatures
  The ghost of Sweeb the Conjurer, a novice DECj of Vehumet (D:5)
  The ghost of thiole the Stinger, an amateur OpVM (D:4)
  Menkaure (D:4)
  Edmund (D:4)
  Duvessa (D:7)
  3 water moccasins
  A black bear (D:6)
  2 orc warriors
  A sky beast (D:5)
  An ice beast (D:7)
  2 ogres (D:5)
  2 centaurs
  A scorpion (D:4)
  Dowan (D:7)
  7 wights
  A howler monkey (D:5)
  A bullfrog zombie (D:6)
  3 quasits (D:5)
  2 hounds
  3 jellies
  3 orc wizards
  2 orc priests (D:8)
  2 bullfrog skeletons
  A centaur skeleton (D:6)
  4 worker ants
  Terence (D:2)
  Robin (D:2)
  10 adders
  A white imp (D:6)
  An ufetubus (D:7)
  An adder skeleton (D:4)
  3 dart slugs
  2 worms
  6 leopard geckos
  10 orcs
  A ball python (D:4)
  7 giant cockroaches
  13 goblins
  10 hobgoblins
  6 jackals (D:7)
  9 kobolds
  3 quokkas
  7 bats
  3 frilled lizards
  A jackal skeleton (D:7)
  A leopard gecko skeleton (D:7)
  A leopard gecko zombie (D:6)
  2 quokka skeletons
  6 rats
154 creatures vanquished.

Notes
Turn   | Place    | Note
-------+----------+-------------------------------------------
     0 | D:1      | kaeus the Palentonga Fighter began the quest for the Orb.
     0 | D:1      | Reached XP level 1. HP: 20/20 MP: 1/1
    23 | D:1      | Reached XP level 2. HP: 21/27 MP: 2/2
   393 | D:1      | Reached XP level 3. HP: 33/33 MP: 3/3
   730 | D:2      | Noticed Robin
   735 | D:2      | Killed Robin
   903 | D:2      | Reached XP level 4. HP: 24/41 MP: 4/4
  1465 | D:2      | Found an iron altar of Okawaru.
  1473 | D:2      | Noticed Terence
  1489 | D:2      | Killed Terence
  1490 | D:2      | Reached XP level 5. HP: 25/49 MP: 5/5
  1718 | D:2      | Found an opulent altar of Gozag.
  2015 | D:3      | Found a shadowy altar of Dithmenos.
  2352 | D:3      | Found a snail-covered altar of Cheibriados.
  2682 | D:4      | Noticed Edmund
  2683 | D:4      | Found a transporter.
  2700 | D:4      | Killed Edmund
  2701 | D:4      | Reached XP level 6. HP: 18/56 MP: 6/6
  2706 | D:4      | Found a radiant altar of Vehumet.
  2706 | D:4      | Found a stormy altar of Qazlal.
  2709 | D:4      | Found a shadowy altar of Dithmenos.
  2938 | D:4      | Noticed thiole's ghost (amateur OpVM)
  2966 | D:4      | Noticed Menkaure
  2974 | D:4      | Killed Menkaure
  3240 | D:4      | Found a transporter.
  3569 | D:4      | Killed thiole's ghost
  3570 | D:4      | Gained mutation: You curl defensively after being hit.
                  | [Palentonga growth]
  3570 | D:4      | Reached XP level 7. HP: 57/64 MP: 7/7
  3574 | D:4      | Reached skill level 5 in Fighting
  3634 | D:5      | Entered Level 5 of the Dungeon
  3664 | D:5      | Found a transporter.
  3721 | D:5      | Found a transporter.
  3729 | D:5      | Found a staircase to the Ecumenical Temple.
  3760 | Temple   | Entered the Ecumenical Temple
  4216 | D:5      | Noticed Sweeb's ghost (novice DECj)
  4644 | D:5      | Reached skill level 5 in Axes
  4648 | D:5      | Killed Sweeb's ghost
  4649 | D:5      | Reached XP level 8. HP: 29/74 MP: 8/8
  4935 | D:6      | Reached skill level 5 in Shields
  4936 | D:6      | Gained mutation: You evolve. [potion of mutation]
  4936 | D:6      | Gained mutation: Your spells are a little harder to cast,
                  | but a little more powerful. [potion of mutation]
  4964 | D:5      | Reached skill level 5 in Armour
  5731 | D:6      | Found a hide-covered altar of Uskayaw.
  5736 | D:6      | Noticed a +0 hand axe
  5737 | D:6      | Noticed a +0 dagger
  5755 | D:6      | Became a worshipper of Uskayaw the Reveller
  6106 | D:6      | Found a sparkling altar of Nemelex Xobeh.
  6119 | D:6      | Reached * piety under Uskayaw
  6120 | D:6      | Reached XP level 9. HP: 78/83 MP: 9/9
  6226 | D:6      | Gained mutation: Your body sometimes deteriorates upon
                  | taking damage. [evolution]
  6338 | D:7      | Reached ** piety under Uskayaw
  6340 | D:7      | Reached *** piety under Uskayaw
  6341 | D:7      | Reached **** piety under Uskayaw
  6500 | D:7      | Noticed Dowan
  6502 | D:7      | Noticed Duvessa
  6506 | D:7      | Reached ***** piety under Uskayaw
  6514 | D:7      | Killed Dowan
  6514 | D:7      | Reached ****** piety under Uskayaw
  6517 | D:7      | Killed Duvessa
  6814 | D:7      | Found a basalt altar of Yredelemnul.
  6918 | D:7      | Found a blossoming altar of Fedhas.
  6918 | D:7      | Found an ancient bone altar of Kikubaaqudgha.
  7004 | D:7      | Found a burning altar of Makhleb.
  7073 | D:7      | Found a shimmering blue altar of Sif Muna.
  7079 | D:7      | Identified Sif Muna's Reference Book on Poison
  7085 | D:7      | Found a bloodstained altar of Trog.
  7132 | D:8      | Noticed Prince Ribbit
  7167 | D:8      | Slain by an orc warrior

Illustrated notes

Levels and vault maps discovered:
D:1:      minmay_arrival_checkered_box, layout_rooms, supply_closet_lemuel
D:2:      layout_loops_cross, nicolae_gozag_seed_capital, okawaru_gym_becter,
          uniq_terence, uniq_robin
D:3:      layout_basic, general_overflow_altar,
          grunt_dithmenos_smoke_and_mirrors
D:4:      layout_rooms, gammafunk_temple_overflow_claw, gammafunk_ghost_arena,
          ebering_dispersal_statue_hall, uniq_menkaure, uniq_edmund
D:5:      layout_cave_pools, minmay_temple_entry_large_hall,
          gammafunk_ghost_stat_death, nrook_uturn
D:6:      layout_basic, kennysheep_mini_moat, dancing_weapons_uskayaw
D:7:      layout_cave_pools, grunt_temple_overflow_growth_and_decay,
          nzn_overflow_gifts_of_might_and_magic, kennysheep_mini,
          lemuel_altar_in_water, uniq_duvessa
D:8:      layout_cave_pools, nicolae_ossuary_entry_plus, uniq_prince_ribbit1
Temple:   jpeg_temple_island

Skill      XL: |  1  2  3  4  5  6  7  8  9 |
---------------+----------------------------+-----
Shields        | 3 4 5 6 |  6.2
Armour         | 3 4 5 6 |  6.1
Axes           | 3 4 5 6 7 |  7.0
Fighting       | 4 5 6 7 |  7.4

Action                   |  1- 3 |  4- 6 |  7- 9 || total
-------------------------+-------+-------+-------++-------
Melee: War axe           |   100 |   134 |   225 ||   459
       Tailslap          |    16 |    22 |    45 ||    83
 Abil: Rolling Charge    |    20 |    33 |    27 ||    80
  Use: Potion            |       |     4 |    13 ||    17
       Scroll            |       |       |    13 ||    13
 Stab: Paralysed         |       |       |    12 ||    12
Armor: Scale mail        |    52 |    20 |       ||    72
       Plate armour      |       |    55 |   308 ||   363
Dodge: Dodged            |    19 |    14 |    10 ||    43
Block: Kite shield       |    52 |    65 |   168 ||   285
